cohdb
Replays
Latest Replays
All Replays
Popular Replays
Top Player Replays
Match Explorer
How It Works
Community
CoH3 Stats
Reddit
Sign in to upload your games and track your stats! →
Sign in with Steam
Match 43266683
Unlisted
Match 43266683
Overview
Messages
Build Orders
End
Construct Infanterie Kompanie
Kettenkrad Recon Vehicle
Selects Breakthrough Battlegroup
Selects Assault Grenadiers
Grenadier Squad
MG 42 Machine Gun Team
GrW 34 Mortar Team
Grenadier Squad
Selects 2.5-tonne Cargo Truck
Grenadier Squad
Construct Panzergrenadier Kompanie
251 Medium Carrier
Pak 40 Anti-tank Gun Team
Kettenkrad Recon Vehicle
Construct Panzer Kompanie
Infanterie Officer Quarters
Selects Blitzkrieg
Pak 40 Anti-tank Gun Team
Panzer IV Medium Tank
Side Skirts
Panzer Officer Quarters
Panzergrenadier Squad
Panzergrenadier Officer Quarters
Erkendir Von Darkclaw
Phoop
Hogshead
The Spanish Player
Prohor
Toejamkid
matrix4x4
夜明
0
0
Comments
sign in to comment!
No comments posted yet!